 Dungeon Crawl Stone Soup version 0.26-a0-649-gf8c6c3aab7 (webtiles) character file.

Game seed: 16425239972327162376

1154 muata the Stinger (level 8, -12/59 HPs)
             Began as a Black Draconian Venom Mage on Sept 27, 2020.
             Mangled by an ogre
             ... wielding a +0 giant spiked club
              (23 damage)
             ... on level 8 of the Dungeon.
             The game lasted 00:37:52 (8489 turns).

muata the Stinger (Black Draconian Venom Mage)      Turns: 8489, Time: 00:37:53

Health: -12/59     AC: 10    Str:  6    XL:     8   Next: 16%
Magic:  10/15      EV: 12    Int: 18    God:
Gold:   330        SH:  0    Dex: 12    Spells: 10/16 levels left

rFire    . . .     SeeInvis .   C - +4 short sword (speed)
rCold    . . .     Faith    .   (no shield)
rNeg     . . .     Spirit   .   (armour unavailable)
rPois    .         Reflect  .   (helmet restricted)
rElec    +         Harm     .   (no cloak)
rCorr    .         Rampage  .   e - +0 pair of gloves
MR       .....                  z - +2 pair of boots
Stlth    ++........             (no amulet)
HPRegen  0.19/turn              c - -4 ring of strength (curse)
MPRegen  0.14/turn              (no ring)

@: no status effects
A: breathe lightning, unfitting armour, electricity resistance, cold-blooded, AC
+6
a: Breathe Lightning


You were on level 8 of the Dungeon.
You visited 1 branch of the dungeon, and saw 9 of its levels.
You also visited: Sewer.

You collected 330 gold pieces.

Inventory:

Hand Weapons
 b - a +0 dagger
 C - a +4 short sword of speed (weapon)
Missiles
 i - 26 poisoned darts (quivered)
 l - 2 throwing nets
 F - 3 curare-tipped darts
Armour
 e - a +0 pair of gloves (worn)
 z - a +2 pair of boots (worn)
Jewellery
 c - a cursed -4 ring of strength (left hand)
 d - a cursed ring of teleportation {unknown}
 f - an uncursed ring of positive energy
 E - a +6 ring of intelligence {unknown}
Wands
 t - a wand of flame (8)
 w - a wand of random effects (17)
 y - a wand of iceblast (8)
Scrolls
 a - a scroll of magic mapping {unknown}
 g - 2 scrolls of amnesia
 h - a scroll of remove curse {unknown}
 r - 4 scrolls of teleportation
 s - a scroll of fog {unknown}
 x - 2 scrolls of fear {unknown}
 A - a scroll of blinking {unknown}
 G - 2 scrolls of random uselessness {unknown}
 H - a scroll of enchant weapon
Potions
 j - a potion of invisibility {unknown}
 k - 2 potions of lignification {unknown}
 m - 2 potions of curing {unknown}
 n - a potion of heal wounds {unknown}
 o - 2 potions of stabbing {unknown}
 p - a potion of ambrosia {unknown}
 q - 2 potions of brilliance {unknown}
 u - 4 potions of flight {unknown}
 v - 2 potions of magic {unknown}
 B - a potion of mutation {unknown}
 D - a potion of degeneration {unknown}
 I - a potion of haste {unknown}


   Skills:
 + Level 1.2 Fighting
 - Level 0.2 Short Blades
 - Level 2.0 Dodging
 - Level 1.8 Stealth
 + Level 4.8 Spellcasting
 - Level 5.1 Transmutations
 + Level 1.0 Fire Magic
 - Level 3.2 Air Magic
 - Level 6.1 Poison Magic


You had 10 spell levels left.
You knew the following spells:

 Your Spells              Type           Power        Failure   Level
a - Sting                 Tmut/Pois      ###.         1%          1
b - Poisonous Vapours     Pois/Air       ###...       3%          2
c - Ignite Poison         Fire/Tmut/Pois ###.....     8%          3

Your spell library contained the following spells:

 Spells                   Type           Power        Failure   Level
 Mephitic Cloud           Conj/Pois/Air  ###.....     11%         3
 Olgreb's Toxic Radiance  Pois           ####....     11%         4
 Bolt of Magma            Conj/Fire/Erth #.........   97%         5
 Iskenderun's Battlesphe  Conj           #.......     98%         5
 Iron Shot                Conj/Erth      #.........   100%        6
 Orb of Destruction       Conj           #.........   100%        7
 Spellforged Servitor     Conj/Summ      #.........   100%        7


Dungeon Overview and Level Annotations

Branches:
Dungeon (9/15)             Temple (0/1) D:5           Sewer (visited)
   Lair: D:8-11         Orc: D:9-12

Altars:
Gozag
Nemelex Xobeh

Annotations:
D:3 3 runed translucent doors, TigOlBitties's ghost, amateur SpEn
D:6 Menkaure


Innate Abilities, Weirdness & Mutations

You can breathe wild blasts of lightning.
Your glossy black scales are hard. (AC +6)
You cannot fit into any form of body armour.
You are resistant to electric shocks. (rElec)
You are cold-blooded and may be slowed by cold attacks.


Message History

You can't see any susceptible monsters within range! (Use Z to cast anyway.)
A mysterious force pulls you upwards. The hatch slams shut behind you.
Found 5 gold pieces.
Casting: Ignite Poison (dangerous; 8% risk of failure)
Confirm with . or Enter, or press ? or * to list all spells.
Aiming: Sting (safe; 1% risk of failure)
Press: ? - help, Shift-Dir - straight line, f - ogre
Aim: an ogre, wielding a +0 giant spiked club (moderately wounded)
The sting hits the ogre.
The ogre is poisoned.
The ogre is heavily wounded.
The ogre closely misses you.
Casting: Sting (safe; 1% risk of failure)
Confirm with . or Enter, or press ? or * to list all spells.
Aiming: Sting (safe; 1% risk of failure)
Press: ? - help, Shift-Dir - straight line, f/p - ogre
Aim: an ogre, wielding a +0 giant spiked club (heavily wounded, poisoned)
The sting hits the ogre.
The ogre looks even sicker.
The ogre is severely wounded.
The ogre hits you with a +0 giant spiked club!!
You die...

...#
...#
..$#
...#
##...#
#....#
+....#
#@...+
#.O..#
######


You could see an ogre (very poisoned).

Vanquished Creatures
  A sky beast (D:4)
  An ogre (D:5)
  A phantom (D:4)
  A bullfrog (D:6)
  A scorpion (D:4)
  A hound (D:5)
  Ijyb (D:2)
  A gnoll shaman (D:5)
  4 orc priests
  3 iguanas
  2 orc wizards (D:5)
  5 worker ants
  A worker ant zombie (D:6)
  8 adders
  5 gnolls (D:5)
  An ufetubus (D:6)
  2 oozes
  2 adder skeletons (D:4)
  3 worms
  2 dart slugs
  6 leopard geckos
  20 orcs
  12 giant cockroaches
  7 goblins
  11 hobgoblins
  16 jackals
  A quokka (D:7)
  19 bats
  8 frilled lizards
  7 kobolds
  15 rats
168 creatures vanquished.

Notes
Turn   | Place    | Note
-------+----------+-------------------------------------------
     0 | D:1      | muata the Draconian Venom Mage began the quest for the Orb.
     0 | D:1      | Reached XP level 1. HP: 14/14 MP: 3/3
   522 | D:1      | Reached XP level 2. HP: 11/20 MP: 3/5
  1084 | D:1      | Reached XP level 3. HP: 24/26 MP: 6/6
  2074 | D:2      | Reached XP level 4. HP: 29/33 MP: 6/8
  2209 | D:2      | Reached skill level 4 in Poison Magic
  2480 | D:3      | Noticed Ijyb
  2495 | D:3      | HP: 1/33 [Ijyb/puff of flame (7)]
  2498 | D:2      | Killed Ijyb
  2863 | D:3      | Learned a level 2 spell: Poisonous Vapours
  2941 | D:3      | Reached XP level 5. HP: 37/38 MP: 5/9
  3393 | D:3      | Found an opulent altar of Gozag.
  3397 | D:3      | Found a runed translucent gate.
  3397 | D:3      | Found a runed translucent gate.
  3397 | D:3      | Found a runed translucent gate.
  3397 | D:3      | Noticed a troll
  3397 | D:3      | Noticed TigOlBitties's ghost (amateur SpEn)
  3601 | D:3      | Found a sparkling altar of Nemelex Xobeh.
  3944 | D:3      | Reached skill level 1 in Air Magic
  4342 | D:3      | Reached XP level 6. HP: 38/45 MP: 5/11
  5569 | D:4      | Reached skill level 5 in Poison Magic
  5768 | D:4      | Your scales start taking on a glossy black colour.
  5768 | D:4      | Reached XP level 7. HP: 44/50 MP: 12/12
  5768 | D:4      | Gained mutation: You are resistant to electric shocks.
                  | (rElec) [Black Draconian growth]
  6368 | D:5      | Entered Level 5 of the Dungeon
  6860 | D:5      | Found a glowing drain.
  6879 | Sewer    | Entered a sewer
  7696 | D:5      | Reached skill level 5 in Transmutations
  7696 | D:5      | Reached skill level 6 in Poison Magic
  7701 | D:5      | Learned a level 3 spell: Ignite Poison
  7777 | D:5      | Reached XP level 8. HP: 57/57 MP: 3/14
  8042 | D:5      | Found a staircase to the Ecumenical Temple.
  8261 | D:6      | Reached skill level 1 in Fighting
  8408 | D:6      | Reached skill level 1 in Fire Magic
  8440 | D:6      | Noticed Menkaure
  8458 | D:8      | Noticed a hornet
  8489 | D:8      | Mangled by an ogre

Illustrated notes

Levels and vault maps discovered:
D:1:      dpeg_arrival_three_same_balls, layout_loops_ring
D:2:      layout_basic, minmay_pentomino_o2
D:3:      layout_basic, ebering_ghost_gozag, nemelex_lonely_heart_becter,
          uniq_ijyb
D:4:      layout_basic
D:5:      layout_basic, minmay_temple_entry_nine_rooms, portal_sewer_entry_f
D:6:      layout_rooms, serial_shops, nicolae_shop_statue_plus, uniq_menkaure
D:7:      corexii_shack_village, layout_rooms,
          lemuel_mausoleum_altar_kikubaaqudgha, nicolae_ossuary_entry_giza
D:8:      layout_gridville, nemelex_dance_club_becter, uniq_pikel
D:9:      layout_basic, minitemple, dpeg_lair_monsters

Skill      XL: |  1  2  3  4  5  6  7  8 |
---------------+-------------------------+-----
Dodging        | 2 |  2.0
Poison Magic   | 4 5 6 |  6.1
Transmutations | 2 3 4 5 |  5.1
Spellcasting   | 3 4 |  4.8
Air Magic      | 1 3 |  3.2
Fighting       | 1 |  1.2
Fire Magic     | 1 |  1.0
Short Blades   | |  0.2
Stealth        | |  1.8

Action                   |  1- 3 |  4- 6 |  7- 9 || total
-------------------------+-------+-------+-------++-------
Melee: Dagger            |    86 |   180 |       ||   266
       Tailslap          |     8 |    24 |     9 ||    41
       Unarmed           |     2 |       |       ||     2
       Short sword       |       |    40 |   151 ||   191
Throw: Dart              |       |       |     3 ||     3
 Cast: Sting             |    39 |    93 |    30 ||   162
       Poisonous Vapours |       |    18 |    38 ||    56
       Ignite Poison     |       |       |     2 ||     2
 Abil: Breathe Lightning |       |       |     2 ||     2
  Use: Scroll            |       |     7 |     2 ||     9
 Stab: Sleeping          |     6 |     3 |     1 ||    10
       Distracted        |       |     1 |       ||     1
Armor: Skin              |    53 |    94 |   121 ||   268
Dodge: Dodged            |    86 |   170 |   136 ||   392

Table legend: (Time is in decaauts)
 A = Elapsed time spent in this place.
 B = Non-inter-level travel time spent in this place.
 C = Inter-level travel time spent in this place.
 D = Time resting spent in this place.
 E = Time spent auto-exploring this place.
 F = Levels seen in this place.
 G = Mean time per level.
                   A        B        C        D        E       F      G
               +--------+--------+--------+--------+--------+-----+--------+
         Total |   8549 |   8092 |    457 |   3137 |   2784 |  10 |  854.9 |
       Dungeon |   8028 |   7571 |    457 |   3104 |   2565 |   9 |  892.0 |
         Sewer |    520 |    520 |      0 |     33 |    218 |   1 |  520.0 |
               +--------+--------+--------+--------+--------+-----+--------+

Top non-repeatable levels by time:
     D:3: 2288 daAuts
     D:1: 1533 daAuts
     D:4: 1518 daAuts
     D:2: 1101 daAuts
     D:5: 1083 daAuts
   Sewer: 520 daAuts
     D:6: 464 daAuts
     D:9: 18 daAuts
     D:8: 12 daAuts
     D:7: 7 daAuts
